Map: King's Cove LE

Players

Starlit - Winner!

  • Race: Zerg Zerg
  • League: Master
  • Spawn Location: 5:00

Mez

  • Race: Terran Terran
  • League: Master
  • Spawn Location: 11:00

VOD

Have the link to the VOD?

Description

Time

  • Played on: July 31, 2019, 2:18 a.m.
  • Length: 11:34
Show
View Real Time Build Order
Export as new Build Order

Starlit Zerg - Winner!

Build Orders: Hatch First, Muta Ling Bane 

Get SALT Encoding   

  12  0:02  Drone  
  13  0:13  Overlord  
  13  0:18  Drone  
  14  0:31  Drone x2  
  16  0:49  Hatchery  
  15  0:52  Drone  
  15  0:56  Drone  
  17  1:01  Drone  
  18  1:09  Extractor  
  17  1:15  Spawning Pool  
  16  1:18  Drone  
  16  1:21  Drone  
  18  1:28  Drone  
  19  1:39  Drone  
  20  1:51  Overlord  
  20  2:03  Queen x2  
  20  2:04  Zergling x4  
  26  2:11  Metabolic Boost  
  26  2:13  Drone  
  26  2:15  Drone  
  28  2:23  Drone x2  
  30  2:33  Zergling x2  
  31  2:49  Drone x2  
  31  2:50  Drone  
  33  3:03  Overlord  
  33  3:07  Pneumatized Carapace  
  33  3:08  Drone x3, Hatchery  
  35  3:15  Drone  
  36  3:22  Drone x2  
  36  3:23  Queen  
  36  3:24  Overlord  
  40  3:35  Drone x2  
  40  3:37  Drone  
  40  3:40  Drone  
  44  3:49  Overlord x2  
  44  3:53  Zergling x6  
  47  3:58  Evolution Chamber  
  47  4:00  Queen x2  
  50  4:18  Drone  
  50  4:19  Drone x3  
  50  4:21  Drone  
  50  4:22  Drone x2  
  57  4:27  Zerg Ground Armor Level 1  
  57  4:33  Drone x2  
  57  4:34  Zergling x10  
  57  4:37  Queen  
  63  4:54  Zergling x10  
  64  5:08  Drone  
  64  5:09  Drone  
  64  5:13  Drone x3  
  64  5:14  Drone x5  
  71  5:15  Drone  
  71  5:17  Overlord  
  71  5:18  Lair  
  73  5:26  Evolution Chamber, Extractor x2  
  73  5:28  Baneling Nest  
  69  5:34  Drone x3  
  72  5:41  Extractor  
  72  5:42  Extractor  
  70  5:46  Hatchery  
  70  5:47  Drone x10  
  79  5:52  Drone  
  82  6:10  Extractor  
  81  6:11  Extractor  
  81  6:14  Zergling x4, Hatchery, Zerg Melee Weapons Level 1  
  81  6:15  Overlord x6, Zergling x2  
  79  6:35  Centrifical Hooks  
  79  6:36  Zergling x6  
  79  6:37  Zergling x18  
  91  6:43  Zergling x4  
  93  6:53  Zergling x8  
  97  6:59  Drone x2  
  97  7:00  Drone x2  
  101  7:04  Zerg Ground Armor Level 2  
  101  7:07  Baneling x10  
  101  7:08  Baneling  
  101  7:13  Drone  
  101  7:14  Drone x10  
  112  7:18  Overlord  
  112  7:31  Spire, Drone x3, Extractor  
  112  7:32  Drone x2  
  112  7:33  Overlord x2  
  115  7:54  Overlord x3  
  115  7:56  Drone x3, Extractor  
  115  7:57  Drone x2, Extractor  
  118  7:59  Zergling x22  
  94  8:30  Drone x2  
  94  8:31  Drone x2  
  94  8:32  Drone x2  
  94  8:33  Drone  
  101  8:35  Drone x3  
  101  8:36  Drone x3  
  107  8:44  Mutalisk x6  
  107  8:45  Mutalisk x4  
  124  8:58  Baneling x9  
  124  9:02  Overlord x4  
  124  9:11  Mutalisk x2  
  128  9:17  Overseer  
  128  9:18  Overseer  
  128  9:19  Overlord x3  
  128  9:24  Hatchery  
  128  9:29  Mutalisk  
  128  9:30  Mutalisk x2  
  133  9:44  Queen  
  130  9:48  Infestation Pit  
  130  9:52  Mutalisk x2  
  129  9:56  Zergling x12  
  129  9:57  Zergling x34  
  156  10:03  Overlord  
  156  10:10  Zergling x14  
  156  10:12  Baneling x12  
  165  10:21  Baneling x3  
  165  10:22  Baneling  
  165  10:27  Zergling x2  
  165  10:28  Zergling x18  
  175  10:33  Mutalisk x2  
  175  10:34  Mutalisk x2  
  183  10:43  Zergling x2  
  183  10:44  Zergling x16  
  192  10:50  Baneling  
  192  10:51  Baneling x14  
  192  10:57  Zergling x12  
  191  10:58  Baneling  
  191  10:59  Baneling x6  
  173  11:13  Zergling x10  
  173  11:16  Zergling x18  
  173  11:17  Zergling x4  
Show
View Real Time Build Order
Export as new Build Order

Mez Terran 

Build Orders: Reaper Expand 

Get SALT Encoding   

  12  0:00  SCV  
  13  0:13  SCV  
  14  0:18  Supply Depot  
  14  0:25  SCV  
  15  0:40  SCV  
  15  0:41  Barracks  
  16  0:46  Refinery  
  16  0:52  SCV  
  18  1:04  SCV  
  18  1:16  SCV  
  19  1:29  Orbital Command  
  19  1:30  Reaper  
  20  1:43  Command Center  
  20  1:54  Barracks  
  20  1:57  SCV  
  21  2:02  Barracks Reactor  
  21  2:11  Barracks  
  21  2:14  SCV  
  22  2:18  Supply Depot  
  22  2:26  SCV  
  22  2:38  SCV  
  22  2:41  Marine x2  
  22  2:42  Barracks Tech Lab  
  25  2:51  SCV  
  25  2:56  Orbital Command  
  26  3:02  Combat Shield, Marine x3  
  26  3:04  Marine  
  30  3:08  SCV  
  31  3:17  Supply Depot  
  31  3:20  SCV  
  31  3:23  Marine x3  
  31  3:25  Marine  
  31  3:26  SCV  
  37  3:34  SCV  
  37  3:38  SCV  
  39  3:42  Supply Depot  
  39  3:44  Marine x2  
  39  3:46  SCV  
  42  3:50  SCV, Marine x2  
  45  3:58  SCV  
  45  4:02  SCV, Marine  
  48  4:10  SCV  
  48  4:15  Supply Depot  
  49  4:21  Command Center  
  49  4:22  Engineering Bay, SCV x2  
  51  4:27  Stimpack  
  51  4:30  Marine x2  
  51  4:31  Marine x2  
  55  4:34  SCV  
  55  4:35  SCV  
  57  4:44  Factory, Refinery  
  57  4:46  Supply Depot  
  57  4:47  Refinery  
  57  4:48  Marine  
  46  5:11  Marine x4  
  50  5:16  SCV x2  
  50  5:17  Terran Infantry Weapons Level 1  
  50  5:20  Barracks x2  
  51  5:28  SCV x2  
  53  5:29  Marine x2  
  53  5:30  Marine x2, Supply Depot  
  53  5:32  Starport  
  57  5:35  Factory Reactor  
  57  5:38  Orbital Command  
  57  5:44  SCV x2  
  57  5:47  Marine  
  59  5:50  Barracks Reactor  
  59  5:51  Marine x2  
  59  5:56  SCV x2  
  63  6:08  SCV  
  63  6:10  Barracks Reactor  
  63  6:11  Marine x3  
  65  6:13  Barracks Reactor  
  67  6:18  SCV x2  
  67  6:20  Medivac x2, Supply Depot  
  67  6:21  Supply Depot  
  67  6:23  Supply Depot  
  73  6:29  Marine x3  
  76  6:37  Orbital Command  
  76  6:41  Marine  
  76  6:42  Marine  
  76  6:46  Marine x2  
  79  6:47  Marine  
  79  6:48  Barracks  
  79  6:49  Barracks  
  79  6:52  Barracks  
  81  6:54  Marine x4  
  81  6:56  Medivac, Supply Depot  
  81  6:57  Medivac  
  81  6:59  Marine, Supply Depot  
  90  7:03  SCV x3  
  90  7:08  Marine x2  
  95  7:19  Marine  
  95  7:20  Marine x6  
  102  7:23  Supply Depot  
  102  7:25  SCV x2  
  102  7:26  SCV, Marine  
  102  7:27  Supply Depot  
  106  7:34  Medivac x2  
  110  7:37  SCV x2  
  112  7:52  Marine x2  
  112  7:53  Marine x9  
  123  8:03  SCV, Marine  
  123  8:04  SCV x2  
  127  8:10  Marine x4  
  105  8:28  Marine x6  
  105  8:29  Marine x6  
  105  8:31  Terran Infantry Armor Level 1  
  105  8:34  Engineering Bay, Armory  
  117  8:38  Command Center, Supply Depot  
  113  8:50  Marine x11  
  113  8:51  Marine  
  125  8:55  Medivac x2  
  125  8:56  Concussive Shells  
  129  9:08  Marine, Supply Depot  
  129  9:09  SCV x2, Supply Depot  
  132  9:14  Command Center, Marine x11  
  132  9:15  Refinery  
  143  9:27  Marine  
  143  9:29  Missile Turret  
  143  9:30  Missile Turret  
  137  9:31  Missile Turret, Marine  
  137  9:32  Missile Turret, Marine  
  137  9:38  Missile Turret  
  130  9:39  Marine x4  
  130  9:40  Marine  
  131  9:52  Marine  
  132  9:56  SCV  
  132  9:57  SCV x2  
  135  10:06  Barracks Tech Lab x2  
  135  10:07  Barracks Reactor  
  135  10:08  SCV, Marine x6, Marauder  
  135  10:09  SCV x2  
  135  10:11  Planetary Fortress  
  146  10:15  Missile Turret  
  146  10:17  Marine  
  146  10:18  Marine  
  146  10:21  SCV  
  148  10:26  Marine, Marauder x2  
  153  10:35  Supply Depot  
  153  10:36  Missile Turret, Supply Depot  
  152  10:45  Marine x10, Marauder  
  152  10:47  Marine, Marauder  
  133  11:13  Marine  
  133  11:14  Marine x12  
Tags
 
Add a new tag
Caveats
  • Supply blocks, unpowered buildings, or Contaminate may cause inaccurate times.
  • Supply counts are checked every 10 seconds.